Workbook

Sheet NOTES
A2: ANNUAL COMPARATIVE STATEMENT OF REVENUE AS AT THE YEAR 2019
A4: REVENUE ITEMS
C5: 2019 | D5: 2019 | E5: % OF | F5: 2018 | G5: 2018 | H5: % OF
C6: ANNUAL BUDGET | D6: ACTUAL | E6: ACTUAL | F6: ANNUAL BUDGET | G6: ACTUAL | H6: ACTUAL
A9: 2 | B9: GRANTS | C9: GH¢ | D9: GH¢ | E9: GH¢ | F9: GH¢ | G9: GH¢ | H9: GH¢
B10: OTHER GEN. GOV'T UNITS
A11: 1331001 | B11: Central Gov't GOG Salaries Received | C11: 2382903 | D11: 2789802.1 | E11: =D11/C11*100 -> 117.07577 | F11: 2445444.4 | G11: 2002357.5 | H11: =G11/F11*100 -> 81.88113
A12: 1331002 | B12: DACF/PWD - Assembly | C12: 3709990.9 | D12: 2644281.9 | E12: =D12/C12*100 -> 71.274618 | F12: 3674431.9 | G12: 1786591.2 | H12: =G12/F12*100 -> 48.622244
A13: 1331003 | B13: MP Common Fund | C13: 274238.3 | D13: 339407.68 | E13: =D13/C13*100 -> 123.76378 | F13: 230395.52 | G13: 392132.16 | H13: =G13/F13*100 -> 170.19956
A14: 1331008 | B14: Other Donor Funded Grant | C14: 321628.29 | D14: 38397.91 | E14: =D14/C14*100 -> 11.938598 | F14: 147000 | G14: 102735.92 | H14: =G14/F14*100 -> 69.888381
A15: 1331009 | B15: Decentralised Department | C15: 94598.93 | D15: 0 | E15: =D15/C15*100 -> 0 | F15: 164773.48 | G15: 149826.92 | H15: =G15/F15*100 -> 90.929026
A16: 1331011 | B16: DDF - Capital Investments | C16: 305557.96 | D16: 384106.6 | E16: =D16/C16*100 -> 125.70663 | F16: 1160873 | G16: 442902 | H16: =G16/F16*100 -> 38.152494
B17: UDG Capital Projects | C17: 0 | D17: 0 | E17: 0 | F17: 1234259.8 | G17: 0 | H17: =G17/F17*100 -> 0
B18: Sub Total | C18: =SUM(C11:C17) -> 7088917.4 | D18: =SUM(D11:D17) -> 6195996.2 | E18: =D18/C18*100 -> 87.403983 | F18: =SUM(F11:F17) -> 9057178.1 | G18: =SUM(G11:G17) -> 4876545.8 | H18: =G18/F18*100 -> 53.841778
A20: 3 | B20: RATES
A21: 1413001 | B21: Basic Rate | C21: 1500 | D21: 0 | E21: =D21/C21*100 -> 0 | F21: 500 | G21: 0 | H21: 0
A22: 1413002 | B22: Property Rate | C22: 383180 | D22: 174828.77 | E22: =D22/C22*100 -> 45.625756 | F22: 168583.66 | G22: 227460.84 | H22: =G22/F22*100 -> 134.92461
A23: 1131003 | B23: Property Rates Arrears | C23: 0 | D23: 12650.2 | E23: 0 | F23: 4500 | G23: 1552.5 | H23: =G23/F23*100 -> 34.5
A24: 1131004 | B24: Unassessed Rates | C24: 0 | E24: 0 | F24: 0 | G24: 0 | H24: 0
B25: Sub Total | C25: =SUM(C21:C24) -> 384680 | D25: =SUM(D22:D24) -> 187478.97 | E25: =D25/C25*100 -> 48.736344 | F25: =SUM(F21:F24) -> 173583.66 | G25: =SUM(G21:G24) -> 229013.34 | H25: =G25/F25*100 -> 131.93254
C31: 2019 | D31: 2019 | F31: 2018 | G31: 2018
C32: BUDGET | D32: ACTUAL | E32: % | F32: BUDGET | G32: ACTUAL | H32: %
C33: GH¢ | D33: GH¢ | F33: GH¢ | G33: GH¢
A34: 4 | B34: LANDS / CONCESSIONS
A35: 1412002 | B35: Concessions / Sand winning | C35: 500 | D35: 3852.5 | E35: =D35/C35*100 -> 770.5 | F35: 500 | G35: 8066.69 | H35: =G35/F35*100 -> 1613.338
A36: 1412003 | B36: Stool Land Revenue | C36: 7200 | D36: 8523.9 | E36: =D36/C36*100 -> 118.3875 | F36: 0
A37: 1412004 | B37: Sale of Building Permit Jacket | C37: 8800 | D37: 9160 | E37: =D37/C37*100 -> 104.09091 | F37: 8800 | G37: 8798 | H37: =G37/F37*100 -> 99.977273
A38: 1412007 | B38: Building Plans / Permit | C38: 154960 | D38: 136895.9 | E38: =D38/C38*100 -> 88.342734 | F38: 52800 | G38: 150672.5 | H38: =G38/F38*100 -> 285.36458
A39: 1412009 | B39: Comm. Mast Permit | C39: 32000 | D39: 48000 | E39: =D39/C39*100 -> 150 | F39: 10000 | G39: 24080 | H39: =G39/F39*100 -> 240.8
B40: Sub Total | C40: =SUM(C35:C39) -> 203460 | D40: =SUM(D35:D39) -> 206432.3 | E40: =D40/C40*100 -> 101.46088 | F40: =SUM(F35:F39) -> 72100 | G40: =SUM(G35:G39) -> 191617.19 | H40: =G40/F40*100 -> 265.76587
A42: 5 | B42: RENT OF LANDS, BUILDINGS
A43: 1415015 | B43: Low Cost Houses / Bungalows | C43: 4320 | D43: 14255 | E43: =D43/C43*100 -> 329.97685 | F43: 24081.34 | G43: 10227.8 | H43: =G43/F43*100 -> 42.471889
A44: 1415017 | B44: Lorry Park Tickets | C44: 80042 | D44: 38390 | E44: =D44/C44*100 -> 47.96232 | F44: 80042 | G44: 52288.3 | H44: =G44/F44*100 -> 65.326079
A45: 1415052 | B45: Stores Rental | C45: 55824 | D45: 35124 | E45: =D45/C45*100 -> 62.919175 | F45: 24600 | G45: 21106 | H45: =G45/F45*100 -> 85.796748
B46: Sub Total | C46: =SUM(C43:C45) -> 140186 | D46: =SUM(D43:D45) -> 87769 | E46: =D46/C46*100 -> 62.608962 | F46: =SUM(F43:F45) -> 128723.34 | G46: =SUM(G43:G45) -> 83622.1 | H46: =G46/F46*100 -> 64.962656
A52: 6 | B52: LICENSE | C52: GH¢ | D52: GH¢ | E52: % | F52: GH¢ | G52: GH¢ | H52: %
A53: 1422001 | B53: Pito /Palm Wine Tapers | C53: 156 | D53: 0 | E53: 0 | F53: 156 | G53: 0 | H53: 0
A54: 1422002 | B54: Herbalist License | C54: 300 | D54: 125 | E54: =D54/C54*100 -> 41.666667 | F54: 300 | G54: 205 | H54: =G54/F54*100 -> 68.333333
A55: 1422003 | B55: Hawkers License | C55: 300 | D55: 215 | E55: =D55/C55*100 -> 71.666667 | F55: 300 | G55: 395 | H55: =G55/F55*100 -> 131.66667
A56: 1422005 | B56: Chop Bar/ Restaurants | C56: 2100 | D56: 960 | E56: =D56/C56*100 -> 45.714286 | F56: 3600 | G56: 690 | H56: =G56/F56*100 -> 19.166667
A57: 1422006 | B57: Corn /Rice / Flour Miller | C57: 1920 | D57: 430 | E57: =D57/C57*100 -> 22.395833 | F57: 1920 | G57: 80 | H57: =G57/F57*100 -> 4.1666667
A58: 1422007 | B58: Liquor/ Drinking Bar Licenses | C58: 7950 | D58: 1945 | E58: =D58/C58*100 -> 24.465409 | F58: 4200 | G58: 3560 | H58: =G58/F58*100 -> 84.761905
A59: 1422008 | B59: Lietter Writer License | C59: 100 | D59: 250 | E59: =D59/C59*100 -> 250 | F59: 150 | G59: 400 | H59: =G59/F59*100 -> 266.66667
A60: 1422009 | B60: Bakers License | C60: 450 | D60: 30 | E60: =D60/C60*100 -> 6.6666667 | F60: 150 | G60: 30 | H60: =G60/F60*100 -> 20
A61: 1422011 | B61: Artisan / Self Employed | C61: 7500 | D61: 12840 | E61: =D61/C61*100 -> 171.2 | F61: 4425 | G61: 10665 | H61: =G61/F61*100 -> 241.01695
A62: 1422012 | B62: Kiosk License | C62: 10000 | D62: 0 | E62: 0 | F62: 10000 | G62: 1870 | H62: =G62/F62*100 -> 18.7
A63: 1422013 | B63: Sand and Stone Contractors License | C63: 1500 | D63: 9990 | E63: =D63/C63*100 -> 666 | F63: 1500 | G63: 2220 | H63: =G63/F63*100 -> 148
A64: 1422014 | B64: Charcoal / Firewood Dealers | C64: 150 | D64: 0 | E64: 0 | F64: 150 | G64: 0 | H64: =G64/F64*100 -> 0
A65: 1422015 | B65: Fuel Dealers | C65: 2800 | D65: 8307.5 | E65: =D65/C65*100 -> 296.69643 | F65: 2800 | G65: 4445 | H65: =G65/F65*100 -> 158.75
A66: 1422017 | B66: Hotel/Night Club | C66: 2500 | D66: 2770 | E66: =D66/C66*100 -> 110.8 | F66: 2500 | G66: 7870 | H66: =G66/F66*100 -> 314.8
A67: 1422018 | B67: Pharmacist Chemical Sellers | C67: 1400 | D67: 1245 | E67: =D67/C67*100 -> 88.928571 | F67: 1250 | G67: 3415 | H67: =G67/F67*100 -> 273.2
A68: 1422019 | B68: Sawmills | C68: 180 | D68: 420 | E68: =D68/C68*100 -> 233.33333 | F68: 180 | G68: 200 | H68: =G68/F68*100 -> 111.11111
A69: 1422020 | B69: Taxicab / Commercial Vehicles License | C69: 28800 | D69: 19139.6 | E69: =D69/C69*100 -> 66.456944 | F69: 24000 | G69: 22686 | H69: =G69/F69*100 -> 94.525
A70: 1422022 | B70: Canopy / Chairs / Bench | C70: 600 | D70: 3045.4 | E70: =D70/C70*100 -> 507.56667 | F70: 600 | G70: 2180 | H70: =G70/F70*100 -> 363.33333
A71: 1422024 | B71: Private Education | C71: 5400 | D71: 15298.3 | E71: =D71/C71*100 -> 283.30185 | F71: 4080 | G71: 4000 | H71: =G71/F71*100 -> 98.039216
A72: 1422030 | B72: Entertainment Centre | C72: 1000 | D72: 1900 | E72: =D72/C72*100 -> 190 | F72: 1000 | G72: 4250 | H72: =G72/F72*100 -> 425
A73: 1422032 | B73: Akpeteshie Distillers | C73: 1800 | D73: 4350 | E73: =D73/C73*100 -> 241.66667 | F73: 1800 | G73: 2340 | H73: =G73/F73*100 -> 130
A74: 1422033 | B74: Market Stores / Stalls | C74: 7000 | D74: 31492.5 | E74: =D74/C74*100 -> 449.89286 | F74: 7000 | G74: 24784 | H74: =G74/F74*100 -> 354.05714
A75: 1422034 | B75: Hand Carts | C75: 225 | D75: 0 | E75: 0 | F75: 225 | G75: 0 | H75: =G75/F75*100 -> 0
A76: 1422044 | B76: Financial Institutions | C76: 9300 | D76: 7910 | E76: =D76/C76*100 -> 85.053763 | F76: 9300 | G76: 2170 | H76: =G76/F76*100 -> 23.333333
A77: 1422069 | B77: Open Space Parks | C77: 2000 | D77: 1790 | E77: =D77/C77*100 -> 89.5 | F77: 2000 | G77: 5156 | H77: =G77/F77*100 -> 257.8
A78: 1422071 | B78: Business Operating Permit (BOP) | C78: 30000 | D78: 69168.6 | E78: =D78/C78*100 -> 230.562 | F78: 43000 | G78: 69568.6 | H78: =G78/F78*100 -> 161.78744
A79: 1422072 | B79: Registration of Contracts / Building | C79: 5000 | D79: 5652.2 | E79: =D79/C79*100 -> 113.044 | F79: 3000 | G79: 661 | H79: =G79/F79*100 -> 22.033333
A80: 1422140 | B80: Refuse Collection Fees | C80: 6938.76 | D80: 0 | E80: 0 | F80: 6560 | G80: 0 | H80: =G80/F80*100 -> 0
B81: Sub Total | C81: =SUM(C53:C80) -> 137369.76 | D81: =SUM(D53:D80) -> 199274.1 | E81: =D81/C81*100 -> 145.06402 | F81: =SUM(F53:F80) -> 136146 | G81: =SUM(G53:G80) -> 173840.6 | H81: =G81/F81*100 -> 127.68689
A84: 7 | B84: FEES | C84: GH¢ | D84: GH¢ | E84: % | F84: GH¢ | G84: GH¢ | H84: %
A85: 1423001 | B85: Markets Tolls | C85: 130000 | D85: 149747 | E85: =D85/C85*100 -> 115.19 | F85: 130000 | G85: 109184.5 | H85: =G85/F85*100 -> 83.988077
A86: 1423002 | B86: Live Stock Farmers | C86: 200 | D86: 0 | E86: 0 | F86: 200 | G86: 0 | H86: 0
A87: 1423005 | B87: Registration of Contractors | C87: 3200 | D87: 0 | E87: 0 | F87: 3200 | G87: 0 | H87: 0
A88: 1423006 | B88: Burial Fees | C88: 4900 | D88: 6190 | E88: =D88/C88*100 -> 126.32653 | F88: 4900 | G88: 4667 | H88: =G88/F88*100 -> 95.244898
A89: 1423009 | B89: Advert / Bill Boards | C89: 12500 | D89: 469 | E89: =D89/C89*100 -> 3.752 | F89: 12500 | G89: 2860 | H89: =G89/F89*100 -> 22.88
A90: 1423010 | B90: Export of Commodities | C90: 300 | D90: 1115 | E90: =D90/C90*100 -> 371.66667 | F90: 300 | G90: 540 | H90: =G90/F90*100 -> 180
A91: 1423011 | B91: Marriage / Divorce Registration | C91: 2400 | D91: 3985 | E91: =D91/C91*100 -> 166.04167 | F91: 2400 | G91: 5645 | H91: =G91/F91*100 -> 235.20833
A92: 1423014 | B92: Dislodging Fees | C92: 16000 | D92: 28160 | E92: =D92/C92*100 -> 176 | F92: 16000 | G92: 11200 | H92: =G92/F92*100 -> 70
A93: 1423017 | B93: Conservancy Fees | C93: 18400 | D93: 4050 | E93: =D93/C93*100 -> 22.01087 | F93: 18400 | G93: 9977 | H93: =G93/F93*100 -> 54.222826
A94: 1423132 | B94: Contractors Registration Fees | C94: 0 | D94: 5237.5 | E94: 0 | F94: 0 | G94: 0 | H94: 0
A95: 142323 | B95: Medical Screening | C95: 12500 | D95: 4000 | E95: =D95/C95*100 -> 32 | F95: 12500 | G95: 0 | H95: 0
A96: 1423843 | B96: Fish Landing Fees | C96: 20000 | D96: 0 | E96: 0 | F96: 6000 | G96: 0 | H96: 0
B97: Sub Total | C97: =SUM(C85:C96) -> 220400 | D97: =SUM(D85:D96) -> 202953.5 | E97: =D97/C97*100 -> 92.084165 | F97: =SUM(F85:F96) -> 206400 | G97: =SUM(G85:G96) -> 144073.5 | H97: =G97/F97*100 -> 69.803052
A99: 8 | B99: Fines, Penalties and Forfeit
A100: 1430001 | B100: Court Fines | C100: 3325 | D100: 1950 | E100: =D100/C100*100 -> 58.646617 | F100: 4000 | G100: 6700 | H100: =G100/F100*100 -> 167.5
A101: 1430007 | B101: Lorry Park Fines | C101: 15600 | D101: 0 | E101: 0 | F101: 15600 | G101: 10000 | H101: =G101/F101*100 -> 64.102564
A102: 1430016 | B102: Spot fine | C102: 25104.5 | D102: 720 | E102: =D102/C102*100 -> 2.8680117 | F102: 0 | G102: 0 | H102: 0
B103: Sub Total | C103: =SUM(C100:C102) -> 44029.5 | D103: =SUM(D100:D102) -> 2670 | E103: =D103/C103*100 -> 6.0641161 | F103: =SUM(F100:F102) -> 19600 | G103: =SUM(G100:G102) -> 16700 | H103: =G103/F103*100 -> 85.204082
A106: 9 | B106: Miscellaneous
A107: 1450007 | B107: Other Sundry Recoveries | C107: 42081.34 | D107: 74894 | E107: =D107/C107*100 -> 177.97437 | F107: 42018.34 | G107: 33606.4 | H107: =G107/F107*100 -> 79.980313
B108: Sub Total | C108: =SUM(C107) -> 42081.34 | D108: =SUM(D107) -> 74894 | E108: =D108/C108*100 -> 177.97437 | F108: =SUM(F107) -> 42018.34 | G108: =SUM(G107) -> 33606.4 | H108: =G108/F108*100 -> 79.980313
B109: TOTAL IGF | C109: =C25+C40+C46+C81+C97+C103+C108 -> 1172206.6 | D109: =D25+D40+D46+D81+D97+D103+D108 -> 961471.87 | E109: =E25+E40+E46+E81+E97+E103+E108 -> 633.99286 | F109: =F25+F40+F46+F81+F97+F103+F108 -> 778571.34 | G109: =G25+G40+G46+G81+G97+G103+G108 -> 872473.13 | H109: =H25+H40+H46+H81+H97+H103+H108 -> 825.33541
B110: GRAND TOTAL REVENUE | C110: =C18+C109 -> 8261124 | D110: =D109+D18 -> 7157468.1 | E110: =E25+E18+E40+E46+E81+E97+E103+E108 -> 721.39684 | F110: =F18+F109 -> 9835749.5 | G110: =G18+G109 -> 5749018.9 | H110: =H25+H18+H40+H46+H81+H97+H103+H108 -> 879.17719
B121: EXPENDITURE ITEMS | C121: 2019 | D121: 2019 | F121: 2018 | G121: 2018
C122: BUDGET | D122: ACTUAL | F122: BUDGET | G122: ACTUAL
C123: GH¢ | D123: GH¢ | E123: % | F123: GH¢ | G123: GH¢ | H123: %
A124: 10 | B124: COMPENSATION OF EMPLOYEES
A125: 2111001 | B125: Compensation on Established Post | C125: 2382953 | D125: 2789802.1 | E125: =D125/C125*100 -> 117.07332 | F125: 2445444.4 | G125: 2002357.5 | H125: =G125/F125*100 -> 81.88113
A126: 2111102 | B126: Monthly Paid Casual Workers Salaries | C126: 127077 | D126: 111312.21 | E126: =D126/C126*100 -> 87.594301 | F126: 90934 | G126: 86828.92 | H126: =G126/F126*100 -> 95.485649
A127: 2121001 | B127: National Pension | C127: 0 | D127: 0 | E127: 0 | F127: 0 | G127: 0 | H127: 0
B128: Sub-Sub Total | C128: =SUM(C125:C127) -> 2510030 | D128: =SUM(D125:D127) -> 2901114.4 | E128: =D128/C128*100 -> 115.58086 | F128: =SUM(F125:F127) -> 2536378.4 | G128: =SUM(G125:G127) -> 2089186.4 | H128: =G128/F128*100 -> 82.368878
A130: 11 | B130: Other Allowacnces
B131: Trraditional Authority All'ce | C131: 0 | D131: 0 | E131: 0 | F131: 2400 | H131: 41.67
A132: 2111225 | B132: Commissions | C132: 48848 | D132: 48701.67 | E132: =D132/C132*100 -> 99.700438 | F132: 36797 | G132: 32299.86 | H132: =G132/F132*100 -> 87.778515
...

Sheet Fin Position
A1: KOMENDA-EDINA-EGUAFO-ABREM MUNICIPAL ASSEMBLY
A3: STATEMENT OF FINANCIAL POSITION AS AT 31ST DECEMBER 2019
C4: CURRENT | E4: PREVIOUS
C5: 2019 | E5: 2018
A6: ASSETS | C6: GH¢ | E6: GH¢
B7: Notes
A8: CURRENT ASSETS
A9: Cash and Cash Equivalent | B9: 16 | C9: 1310521 | E9: 476105.56
A10: Receivables / Advances | B10: 17 | C10: 19667.25 | E10: 19667.25
A13: TOTAL CURRENT ASSET | C13: =SUM(C9:C12) -> 1330188.3 | E13: =SUM(E9:E12) -> 495772.81
A15: NON CURRENT ASSETS
A16: Infrastructure, Plant and Equipment | B16: 14 | C16: 747991.54
A17: Work In-Progress | B17: 15 | C17: 106555.9
A18: TOTAL NON-CURRENT ASSET | C18: =SUM(C16:C17) -> 854547.44 | E18: =SUM(E16:E17) -> 0
A20: TOTAL ASSETS | C20: =C13+C18 -> 2184735.7 | E20: =E13+E18 -> 495772.81
A22: CURRENT LIABILITIES
A23: Payables | B23: 21 | C23: 0
A24: Deposits and Other Trust Monies | B24: 22 | C24: 0
A25: Short-term borrowings | B25: 23 | C25: 0
A26: TOTAL CURRENT LIABILITIES | C26: =SUM(C23:C25) -> 0 | E26: =SUM(E23:E25) -> 0
A28: NON- CURRENT LIABILITIES
A29: Domestic | B29: 24 | C29: 0 | E29: 0
A30: External | B30: 25 | C30: 0
A31: TOTAL NON-CURRENT LIABILITIES | C31: =SUM(C29:C30) -> 0
A33: TOTAL LIABILITIES | C33: =C26+C31 -> 0 | E33: =E26+E31 -> 0
A35: NET ASSETS | C35: =C20-C33 -> 2184735.7 | E35: =E20-E33 -> 495772.81
A36: CONTRIBUTED BY
A37: Surpluses / (Deficits) | C37: 1688962.9 | E37: -699323.36
A38: SURPLUSES FROM PREVIOUS YEARS | C38: 495772.81 | E38: 1195096.2
A39: NETWORTH | C39: =C37+C38 -> 2184735.7 | E39: =E37+E38 -> 495772.81 | H39: =C35-C39 -> 0
A42: …………………………………………………… | C42: ………………………………………………
A43: DANIEL OSEI-ASIBEY | C43: JOHN ATTABLAYO | D43: JONATHAN OBENG YEBOAH
A44: MUNICIPAL CO-ORD. DIRECTOR | C44: MUNICIPAL FINANCE OFFICER

Sheet Cum Rec & Pmt
A2: NAME OF MMDA: KOMENDA-EDINA-EGUAFO-ABREM MUNICIPAL ASSEMBLY
A3: ANNUAL COMPARATIVE STATEMENT OF RECEIPTS AND PAYMENT FOR THE YEAR ENDED
A4: 31ST DECEMBER 2019
C6: 2019 ANNUAL | D6: 2019 | E6: % OF | F6: 2018 ANNUAL | G6: 2018 | H6: % OF
C7: BUDGET | D7: ACTUAL | E7: ACTUAL | F7: BUDGET | G7: ACTUAL | H7: ACTUAL
A8: RECEIPTS | B8: NOTE | C8: GH¢ | D8: GH¢ | F8: GH¢ | G8: GH¢
A9: Grant - Other Gen. Gov't Unit | B9: 2 | C9: 7088917.4 | D9: 6195996.2 | E9: =D9/C9*100 -> 87.403983 | F9: 9057178.1 | G9: 4876545.8 | H9: =G9/F9*100 -> 53.841778
A10: Rate | B10: 3 | C10: 384680 | D10: 297717.34 | E10: =D10/C10*100 -> 77.393506 | F10: 173583.66 | G10: 229013.34 | H10: =G10/F10*100 -> 131.93254
A11: Lands - Concessions | B11: 4 | C11: 203460 | D11: 159428.3 | E11: =D11/C11*100 -> 78.358547 | F11: 72100 | G11: 191617.19 | H11: =G11/F11*100 -> 265.76587
A12: Rent of Lands, Buildings | B12: 5 | C12: 140186 | D12: 85769 | E12: =D12/C12*100 -> 61.182286 | F12: 128723.34 | G12: 83622.1 | H12: =G12/F12*100 -> 64.962656
A13: Licenses | B13: 6 | C13: 137369.76 | D13: 208774.1 | E13: =D13/C13*100 -> 151.97966 | F13: 136146 | G13: 173840.6 | H13: =G13/F13*100 -> 127.68689
A14: Fees | B14: 7 | C14: 220400 | D14: 134219.13 | E14: =D14/C14*100 -> 60.897972 | F14: 113000 | G14: 80386.75 | H14: =G14/F14*100 -> 71.138717
A15: Fines, Penalties and Forfeits | B15: 8 | C15: 44029.5 | D15: 2670 | E15: =D15/C15*100 -> 6.0641161 | F15: 113000 | G15: 80386.75 | H15: =G15/F15*100 -> 71.138717
A16: Miscellenous | B16: 9 | C16: 42081.34 | D16: 72894 | E16: =D16/C16*100 -> 173.22167 | F16: 42081.34 | G16: 33606.4 | H16: =G16/F16*100 -> 79.860575
A17: TOTAL IGF | C17: =SUM(C10:C16) -> 1172206.6 | D17: =SUM(D10:D16) -> 961471.87 | E17: =D17/C17*100 -> 82.02239 | F17: =SUM(F10:F16) -> 778634.34 | G17: =SUM(G10:G16) -> 872473.13 | H17: =G17/F17*100 -> 112.05171
A18: TOTAL REVENUE | C18: =C9+C17 -> 8261124 | D18: =D9+D17 -> 7157468.1 | E18: =D18/C18*100 -> 86.640366 | F18: =F9+F17 -> 9835812.5 | G18: =G9+G17 -> 5749018.9 | H18: =G18/F18*100 -> 58.449863
A20: PAYMENT
A21: Compensation of Employees | B21: 13 | C21: 2592945 | D21: 2974666.4 | E21: =D21/C21*100 -> 114.72154 | F21: 2604950.4 | G21: 2145888.1 | H21: =G21/F21*100 -> 82.37731
A22: Use of Goods and Services | B22: 14 | C22: 3926444 | D22: 2488188.7 | E22: =D22/C22*100 -> 63.37003 | F22: 3691846 | G22: 2918182.8 | H22: =G22/F22*100 -> 79.044001
A23: Social Benefits | B23: 15 | C23: 20807 | D23: 0 | E23: =D23/C23*100 -> 0 | F23: 8900 | G23: 834 | H23: =G23/F23*100 -> 9.3707865
A24: Other General Expenses | B24: 16 | C24: 20500 | D24: 5650 | E24: =D24/C24*100 -> 27.560976 | F24: 106719 | G24: 59735 | H24: =G24/F24*100 -> 55.9741
A25: Non-Financial Assets - Grants | B25: 17 | C25: 1279287 | D25: 747991.54 | E25: =D25/C25*100 -> 58.469408 | F25: 2120149 | G25: 635747.04 | H25: =G25/F25*100 -> 29.98596
A26: Other Payments (WIP) | C26: 421141 | D26: 106555.9 | E26: =D26/C26*100 -> 25.301716 | F26: 1303248.1 | G26: 687955.34 | H26: =G26/F26*100 -> 52.787751
C27: =C21+C22+C23+C24+C26 -> 6981837 | D27: =D21+D22+D23+D24+D26 -> 5575061 | E27: =D27/C27*100 -> 79.850919 | F27: =F21+F22+F23+F24+F26 -> 7715663.5 | G27: =G21+G22+G23+G24+G26 -> 5812595.2 | H27: =G27/F27*100 -> 75.335002
A28: TOTAL PAYMENTS | C28: =C25+C27 -> 8261124 | D28: =D25+D27 -> 6323052.6 | E28: =D28/C28*100 -> 76.539858 | F28: =F27+F25 -> 9835812.5 | G28: =G27+G25 -> 6448342.2 | H28: =G28/F28*100 -> 65.559833
A31: NET RECEIPTS/PAYMENTS | C31: =C17-C27 -> -5809630.4 | D31: =D18-D28 -> 834415.48 | E31: =E17-E27 -> 2.1714706 | G31: =G18-G28 -> -699323.36 | H31: =H17-H27 -> 36.716713
A43: NAME OF MMDA: KOMENDA-EDINA-EGUAFO-ABREM MUNICIPAL ASSEMBLY
A44: ANNUAL COMPARATIVE STATEMENT OF REVENUE AND EXPENDITURE FOR THE YEAR ENDED
A45: 31ST DECEMBER 2019
C47: 2019 ANNUAL | D47: 2019 | E47: % OF | F47: 2018 ANNUAL | G47: 2018 | H47: % OF
C48: BUDGET | D48: ACTUAL | E48: ACTUAL | F48: BUDGET | G48: ACTUAL | H48: ACTUAL
A49: REVENUE | B49: NOTE | C49: GH¢ | D49: GH¢ | F49: GH¢ | G49: GH¢
A50: Grant - Other Gen. Gov't Unit | B50: 2 | C50: 7088917.4 | D50: 6195996.2 | E50: =D50/C50*100 -> 87.403983 | F50: 9057178.1 | G50: 4876545.8 | H50: =G50/F50*100 -> 53.841778
A51: Rate | B51: 3 | C51: 384680 | D51: 187478.97 | E51: =D51/C51*100 -> 48.736344 | F51: 173583.66 | G51: 229013.34 | H51: =G51/F51*100 -> 131.93254
A52: Lands - Concessions | B52: 4 | C52: 203460 | D52: 206432.3 | E52: =D52/C52*100 -> 101.46088 | F52: 72100 | G52: 191617.19 | H52: =G52/F52*100 -> 265.76587
A53: Rent of Lands, Buildings | B53: 5 | C53: 140186 | D53: 87769 | E53: =D53/C53*100 -> 62.608962 | F53: 128723.34 | G53: 83622.1 | H53: =G53/F53*100 -> 64.962656
A54: Licenses | B54: 6 | C54: 137369.76 | D54: 199274.1 | E54: =D54/C54*100 -> 145.06402 | F54: 136146 | G54: 173840.6 | H54: =G54/F54*100 -> 127.68689
A55: Fees | B55: 7 | C55: 220400 | D55: 202953.5 | E55: =D55/C55*100 -> 92.084165 | F55: 113000 | G55: 80386.75 | H55: =G55/F55*100 -> 71.138717
A56: Fines, Penalties and Forfeits | B56: 8 | C56: 44029.5 | D56: 2670 | E56: =D56/C56*100 -> 6.0641161 | F56: 113000 | G56: 80386.75 | H56: =G56/F56*100 -> 71.138717
A57: Miscellenous | B57: 9 | C57: 42081.34 | D57: 74894 | E57: =D57/C57*100 -> 177.97437 | F57: 42081.34 | G57: 33606.4 | H57: =G57/F57*100 -> 79.860575
A58: TOTAL IGF | C58: =SUM(C51:C57) -> 1172206.6 | D58: =SUM(D51:D57) -> 961471.87 | E58: =D58/C58*100 -> 82.02239 | F58: =SUM(F51:F57) -> 778634.34 | G58: =SUM(G51:G57) -> 872473.13 | H58: =G58/F58*100 -> 112.05171
A59: TOTAL REVENUE | C59: =C50+C58 -> 8261124 | D59: =D50+D58 -> 7157468.1 | E59: =D59/C59*100 -> 86.640366 | F59: =F50+F58 -> 9835812.5 | G59: =G50+G58 -> 5749018.9 | H59: =G59/F59*100 -> 58.449863
A61: EXPENDITURE
A62: Compensation of Employees | B62: 10 | C62: 2592945 | D62: 2974666.4 | E62: =D62/C62*100 -> 114.72154 | F62: 2604950.4 | G62: 2145888.1 | H62: =G62/F62*100 -> 82.37731
A63: Use of Goods and Services | B63: 11 | C63: 3926444 | D63: 2488188.7 | E63: =D63/C63*100 -> 63.37003 | F63: 3691846 | G63: 2918182.8 | H63: =G63/F63*100 -> 79.044001
A64: Social Benefits | B64: 12 | C64: 20807 | D64: 0 | E64: =D64/C64*100 -> 0 | F64: 8900 | G64: 834 | H64: =G64/F64*100 -> 9.3707865
A65: Other General Expenses | B65: 13 | C65: 20500 | D65: 5650 | E65: =D65/C65*100 -> 27.560976 | F65: 106719 | G65: 59735 | H65: =G65/F65*100 -> 55.9741
A66: TOTAL PAYMENTS | C66: =SUM(C62:C65) -> 6560696 | D66: =SUM(D62:D65) -> 5468505.1 | E66: =D66/C66*100 -> 83.352515 | F66: =SUM(F62:F65) -> 6412415.4 | G66: =SUM(G62:G65) -> 5124639.9 | H66: =G66/F66*100 -> 79.917465
A68: NET RECEIPTS/PAYMENTS | D68: =D59-D66 -> 1688962.9 | G68: =G59-G66 -> 624379.02

Sheet Cash Flow
A2: KOMENDA-EDINA-EGUAFO-ABREM MUNICIPAL ASEMBLY
A3: STATEMENT OF CASH FLOW FOR THE YEAR ENDED, 2019
A5: CASH FLOW FROM OPERATING ACTIVITIES | B5: NOTES | C5: CURRENT | D5: PREVIOUS
C6: 2019 | D6: 2018
C7: GH¢ | D7: GH¢
A8: Cash Receipts from Operating Activities
A9: Grants - IGF | B9: 8 | C9: 6195996.2 | D9: 2874188.2
A10: Other Revenue | B10: 2,3,4,5,6,7,9 | C10: 961471.87 | D10: 872473.13
A11: Advance Recovery | C11: 0
A12: TOTAL | C12: =SUM(C9:C11) -> 7157468.1 | D12: =SUM(D9:D11) -> 3746661.4
A14: Cash Payment from Operating Activities
A15: Compensation of employees | B15: 10 | C15: ='Cum Rec & Pmt'!D21 -> 2974666.4 | D15: 143530.57
A16: Use of Goods and Services | B16: 11 | C16: ='Cum Rec & Pmt'!D22 -> 2488188.7 | D16: 2918182.8
A17: Social Benefits | B17: 12 | C17: ='Cum Rec & Pmt'!D23 -> 0 | D17: 834
A18: Other General Expenses | B18: 13 | C18: ='Cum Rec & Pmt'!D24 -> 5650 | D18: 59735
A20: TOTAL | C20: =SUM(C15:C19) -> 5468505.1 | D20: =SUM(D15:D19) -> 3122282.4
A22: Net Cash Flow from Operating Activities | C22: =C12-C20 -> 1688962.9 | D22: =D12-D20 -> 624379.02
A24: CASH FLOW FROM INVESTING ACTIVITIES
A25: Non - Financial Assets - GRANT | B25: 14 | C25: 747991.54 | D25: -635747.04
A26: Purchase/Granting of non-financial assets
A27: Non-Financial Assets
A28: W I P | B28: 15 | C28: 106555.9 | D28: -687955.34
A29: TOTAL | C29: =SUM(C25:C28) -> 854547.44 | D29: =D25+D28 -> -1323702.4
A30: Sale/Recovery of non-financial assets
A31: Non-Financial Assets | D31: 0
A32: WORK IN PROGRESS | D32: 0
A33: TOTAL
A34: NET CASH FLOW FROM INVESTING ACTIVITIES | C34: =C29+C33 -> 854547.44
A36: CASH FLOW FROM FINANCING ACTIVITY
C37: =SUM(C36) -> 0
A38: NET CHANGE IN STOCK OF CASH | C38: =C22-C34 -> 834415.48 | D38: =D22+D29 -> -699323.36
A39: Cash and cash equiv @ beginning 01/01/19 | B39: 30 | C39: 476105.56 | D39: 1175428.9 | F39: =F41-F40 -> 0
A40: Cash and cash equivalent @ close 31/12/19 | B40: 30 | C40: =C38+C39 -> 1310521 | D40: =D38+D39 -> 476105.56
A41: Movement in Cash and Cash Equivalent | C41: =C40-C39 -> 834415.48 | D41: =D40-D39 -> -699323.36 | E41: =C41-C38 -> 0
B44: Review by:
B45: ………………………………………………
B46: JOHN ATTABLAYO | C46: JONATHAN OBENG YEBOAH
B47: MUNICIPAL.FINANCE OFFICER

Sheet RECON
A2: ASENE MANSO AKROSO DISTRICT ASSEMBLY - AKIM MANSO
A3: BANK RECOCILTION STATEMENT AS AT 31ST JANUARY, 2019
A4: ACCOUNT NAME: ASENE MANSO AKROSO DIST. IGF ACC
A5: BANK ACCOUNT NUMBER: 1118089531001
D6: GH₵ | E6: GH₵
A8: Balance as per Cash Book | E8: 2731.82
A10: Add: Unpresented cheques : | B10: OOO69O
A11: Date Cheque No.
A12: 24/01/19 000140 | D12: 100
A13: 31/01/19 000144 | D13: 19.79 | E13: 119.79
E14: 2851.61
A15: Add Wrong Credit | E15: 0.8
A16: Balance as per bank statement | E16: 2852.41
A19: PREPARED BY | D19: REVIEWED BY
A24: PRINCE BRIGHT YAMOAH | D24: JONATHAN OBENG YEBOAH
A25: (ASSISTANT ACCOUNTANT) | C25: DIST.FINANCE OFFICER | D25: MUNICIPAL FINANCE OFFICER
A29: ASENE MANSO AKROSO DISTRCT ASSEMBLY - COMMON FUND
A30: BANK RECONCILIATION STATEMENT AS AT 31ST JANUARY, 2019
A31: ACCOUNT NAME: ASENE MANSO AKROSO DIST. ASSEMBLY
A32: BANK ACCOUNT NUMBER: 1118089531002
D34: GH₵ | E34: GH₵
A35: Balance as per Cash Book | E35: -12118.79
A37: Add: Unpresented Cheques
A38: Date Cheque No.
A39: 10/01/19 000176 | D39: 550
A40: 10/01/19 000177 | D40: 110 | E40: 660
E45: -11458.79
A46: Add Wrong Credit | E46: 20000
A47: Balance as per Bank Statement | E47: 8541.21
A51: PRINCE BRIGHT YAMOAH | C51: JONATHAN OBENG YEBOAH
A52: (ASSISTANT ACCOUNTANT) | C52: (MUNI. FINANCE OFFICER)
A176: ASENE MANSO AKROSO DISTRICT ASSEMBLY MPS COMMON FUND
A177: BANK RECOCILTION STATEMENT AS AT 31ST JANUARY, 2019
A178: ASENE-AKROSO-MANSO CONSTITUENCY MPS
A179: BANK ACCOUNT NUMBER 1118043417106
D180: GH₵ | E180: GH₵
A182: Balance as per Cash Book | E182: -773.46
A183: ADD UNPRESENTED CHEQUES:
A184: 18/09/2018 000359 | D184: 79.8
A185: 17/12/18 000395 | D185: 5000
A186: 24/12/18 000404 | D186: 233.33
A187: 24/12/18 000405 | D187: 217.77 | E187: 5530.9
A192: Balance as per Bank Statement | E192: 4757.44
A194: Prepared by: | C194: Review by
A195: PRINCE BRIGHT YAMOAH | D195: JONATHAN OBENG YEBOAH
A196: (ASSISTANT ACCOUNTANT) | C196: DISTRICT.FINANCE OFFICER | D196: MUNICIPAL FINANCE OFFICER
A205: UPPER WEST AKIM DISTRCT ASSEMBLY - ADEISO
A206: BANK RECONCILIATION STATEMENT AS AT 28TH FEBRUARY, 2018
A207: ACCOUNT NAME: UPPER WEST AKIM DIST.DACF
A208: BANK ACCOUNT NUMBER: 2161130007116
D209: GH₵ | E209: GH₵
A210: Balance as per Cash Book | E210: -632.61
A211: Add Unpresented Cheques:
A212: 8/2/18 GRA | C212: oo1255 | D212: 873
A213: 9/2/18 UWADA | C213: oo1261 | D213: 47
A214: 9/2/18 UWADA | C214: oo1269 | D214: 136.92 | E214: =D214+D213+D212 -> 1056.92
A215: Balance as per Bank Statement | E215: =E210+E214 -> 424.31
A217: PREPARED BY | D217: REVIEWED BY
A220: ISAAC KORSAH | D220: JONATHAN OBENG YEBOAH
A221: ( SNR. ACCOUNTANT) | C221: MUNICIPAL.FINANCE OFFICER
